 Dungeon Crawl Stone Soup version 0.31.0-9-g3a7656b989 (webtiles) character file.

Game seed: 522338113718587921

29 Arctor the Shooter (level 3, -4/20 HPs)
             Began as a Kobold Hexslinger on Jan 24, 2024.
             Slain by Terence
             ... wielding a +0 mace
              (8 damage)
             ... on level 2 of the Dungeon.
             The game lasted 00:01:23 (853 turns).

Arctor the Shooter (Kobold Hexslinger)               Turns: 853, Time: 00:01:24

Health: -4/20      AC:  2    Str:  5    XL:     3   Next: 32%
Magic:  5/5        EV: 15    Int: 14    God:
Gold:   29         SH:  0    Dex: 19    Spells: 5/5 levels left

rFire   . . .        j - +3 short sword
rCold   . . .        (no shield)
rNeg    . . .        c - +0 robe
rPois   .            (no helmet)
rElec   .            (no cloak)
rCorr   .            (no gloves)
SInv    .            (no boots)
Will    .....        (no amulet)
Stlth   +++          (no ring)
HPRegen 0.23/turn    (no ring)
MPRegen 0.09/turn

%: no passive effects
@: no status effects
A: small, no large weapons, nightstalker 3
a: no special abilities


You were on level 2 of the Dungeon.
You visited 1 branch of the dungeon, and saw 2 of its levels.

You collected 29 gold pieces.

Inventory:

Hand Weapons
 a - a +1 sling
 j - a +3 short sword (weapon)
Armour
 c - a +0 robe (worn)
Scrolls
 b - a scroll of poison
 f - a scroll of revelation
Potions
 g - a potion of ambrosia {unknown}
 h - 2 potions of brilliance {unknown}
 i - a potion of curing {unknown}


   Skills:
 + Level 1.6 Fighting
 + Level 3.2 Ranged Weapons
 + Level 2.7 Dodging
 + Level 1.5 Spellcasting
 + Level 3.2 Hexes
 + Level 1.4 Fire Magic


You had 5 spell levels left.
You didn't know any spells.
Your spell library contained the following spells:

 Spells                   Type           Power      Damage    Failure   Level
 Jinxbite                 Hex            20%        N/A       10%         2
 Sigil of Binding         Hex            10%        N/A       21%         3
 Inner Flame              Hex/Fire       7%         N/A       28%         3
 Cause Fear               Hex            5%         N/A       54%         4
 Dimensional Bullseye     Hex/Tloc       2%         N/A       78%         4


Dungeon Overview and Level Annotations

Branches:
Dungeon (2/15)

Altars:

Annotations:
D:2 Terence


Innate Abilities, Weirdness & Mutations

You are small and have problems with some larger weapons.
You are completely attuned to the shadows.


Message History

HP restored.
There is a stone staircase leading down here.
Found an escape hatch in the floor.
Found 5 stones.
Found a stone staircase leading up.
No target in view!
Found 9 stones.
There is a stone staircase leading up here.
No target in view!
No target in view!
Terence the Incautious comes into view.
He is wielding a +0 mace and wearing a +3 scale mail of willpower.
Terence is nearby!
Terence is nearby!
The helpless Terence fails to defend himself.
You hit Terence.
Terence is moderately wounded.
Terence closely misses you.
You hit Terence but do no damage.
Terence is lightly wounded.
Terence hits you with a +0 mace.
You closely miss Terence.
Terence is lightly wounded.
Terence misses you.
You hit Terence but do no damage.
Terence is lightly wounded.
Terence barely misses you.
You hit Terence.
Terence is moderately wounded.
Terence hits you with a +0 mace.
You barely miss Terence.
Terence is moderately wounded.
A ribbon worm comes into view.
Terence hits you with a +0 mace!
* * * LOW HITPOINT WARNING * * *
You are too injured to fight recklessly!
You closely miss Terence.
Terence is moderately wounded.
Terence hits you with a +0 mace!
You die...
Terence says, "Rest in peace."

,,,,,,*,*******,,,,,,,,,,,,,** *
,,,****,,,,,*,,,*******,,,,******
,,** ******,,,*** **,,,*,,* *,,,
*** **,,,,,,*** **,,***,,***,**
*,,****,.#*###*,,***,,,,,,,*
*****,** **..##..,,** *,,,,,,**
,,,*,,******#w...####* *,,,,,,*
,,,,,,,,,,,,.....@...***,,,,,,***
,,,,,,,*******#.@#...,,,,,,,,,,,,
,,****,,,,,*###....#**,*,,,,,,***
,*********........###,,,,,,,,,* *
,,,,*****,...........,,*,,,,,,***
,*,,,∩,,,,#...##.....,****,,,,,,*
,**,****###.#.##.....,* **,,***,*
,**,,***#...#.....###,***,,,* *,*
,,,,,,,,.......##.# *,**,,*,* *,*
,**,,,,,.####.#..(# *,,*,**,***,*


You could see Terence and a ribbon worm (wandering).

Vanquished Creatures
  3 bats (D:1)
  6 endoplasms (D:1)
  A giant cockroach (D:1)
  2 quokkas (D:1)
  4 ball pythons
  A frilled lizard (D:1)
  2 goblins (D:1)
  3 kobolds
  3 rats (D:1)
25 creatures vanquished.

Notes
Turn   | Place    | Note
-------+----------+-------------------------------------------
     0 | D:1      | Arctor the Kobold Hexslinger began the quest for the Orb.
     0 | D:1      | Reached XP level 1. HP: 12/12 MP: 2/2
   248 | D:1      | Reached XP level 2. HP: 16/16 MP: 3/3
   482 | D:1      | Reached XP level 3. HP: 20/20 MP: 5/5
   843 | D:2      | Noticed Terence
   853 | D:2      | Slain by Terence

Illustrated notes

Levels and vault maps discovered:
D:1:      saegor_arrival_simple_e, layout_loops_ring
D:2:      layout_rooms, serial_shops, shop, serial_forest,
          infiniplex_forest_end_3, infiniplex_forest_straight_1,
          infiniplex_forest_straight_2, infiniplex_forest_lined_2,
          infiniplex_forest_lined_3, infiniplex_forest_end_3, uniq_terence

Skill      XL: |  1  2 |
---------------+-------+-----
Ranged Weapons | 3 |  3.2
Fighting       | |  1.6
Dodging        | |  2.7
Spellcasting   | |  1.5
Hexes          | |  3.2
Fire Magic     | |  1.4

Action                     || total
---------------------------++-------
  Melee: Short sword       ||     7
   Fire: Sling             ||    64
    Use: Scroll            ||     3
   Stab: Sleeping          ||     1
 Armour: Robe              ||    17
  Dodge: Dodged            ||    31
